AoeStats
← iAlejandrouae

Black Forest

506846874Analyzed
4v4 RM · 17d ago on Sep 15, 2026· 43m 52s· 8 players
Game mode
Random Map
Map size
Large (8 player)
Population
200
Speed
Normal
Resources
Standard
Victory
Conquest
Starting age
Dark Age
Ending age
Imperial Age
RankedLock teamsTeams togetherTeam positionsShared explorationLock speedFull tech treeHidden civsTurbo modeCheats
Victory
Defeat
🇦🇷 Italians · Argentina
1580
+11
🇩🇪 Dravidians · Germany
1461
+16
🇪🇸 Koreans · Spain
1416
+17
🇫🇮 Bengalis · Finland
1368
+19
🇹🇼 Romans · Taiwan
1509
-18
🇦🇷 Vietnamese · Argentina
1506
-18
🇨🇳 Koreans · China
1403
-14
🇨🇳 Mongols · China
1385
-13
7777777
5:41 Loom
10:23 Feudal Age
14:39 Castle Age
13:47 Double-Bit Axe
15:12 Scale Barding Armor
16:30 Horse Collar
25:04 Bow Saw
26:46 Heavy Plow
27:26 Wheelbarrow
32:18 Imperial Age
30:36 Chain Barding Armor
30:26 Forging
30:38 Gold Mining
32:28 Gold Shaft Mining
31:44 Town Watch
34:10 Fortified Wall
35:00 Chemistry
34:50 Conscription
35:12 Paiks
35:48 Iron Casting
35:48 Plate Barding Armor
35:34 Hand Cart
37:37 Blast Furnace
37:43 Two-Man Saw
36:19 Elite Battle Elephant
37:09 Bloodlines
37:00 Husbandry
40:15 Crop Rotation
41:40 Siege Elephant
43:45 Gold Shaft Mining
43:21 Fletching
iAlejandrouae
0:59 Loom
10:07 Feudal Age
13:58 Castle Age
13:27 Double-Bit Axe
13:59 Crossbowman
14:51 Fletching
16:42 Town Watch
18:04 Horse Collar
18:23 Crossbowman
21:10 Forging
20:57 Bodkin Arrow
28:54 Bow Saw
34:19 Imperial Age
33:20 Padded Archer Armor
34:31 Wheelbarrow
34:08 Heavy Plow
34:35 Silk Road
35:21 Ballistics
35:06 Siphons
36:02 Chemistry
35:04 Bracer
35:19 Leather Archer Armor
35:14 Thumb Ring
35:34 Conscription
35:54 Crop Rotation
36:05 Fortified Wall
36:06 Caravan
36:16 Gold Mining
36:17 Stone Mining
36:18 Elite Genoese Crossbowman
37:46 Masonry
39:08 Hoardings
39:33 Ring Archer Armor
41:27 Architecture
42:38 Two-Man Saw
44:04 Fervor
44:13 Block Printing
44:19 Sanctity
Kempinho
9:50 Feudal Age
13:47 Castle Age
12:07 Double-Bit Axe
12:57 Horse Collar
15:24 Bow Saw
22:12 Loom
22:32 Gold Mining
22:33 Stone Mining
23:52 Wheelbarrow
27:28 Imperial Age
24:58 Fletching
25:40 Ballistics
25:36 Bodkin Arrow
25:41 Padded Archer Armor
26:49 Masonry
27:03 Hand Cart
26:39 Town Watch
27:25 Leather Archer Armor
27:33 Thumb Ring
29:15 Chemistry
28:10 Elite Elephant Archer
29:22 Bracer
30:41 Ring Archer Armor
35:14 Caravan
35:58 Medical Corps
36:15 Conscription
39:01 Two-Man Saw
Garabatov
0:26 Loom
10:07 Feudal Age
10:55 Double-Bit Axe
16:31 Fletching
19:12 Castle Age
22:10 Wheelbarrow
21:31 Horse Collar
30:42 Squires
30:42 Bodkin Arrow
30:47 Scale Mail Armor
31:04 Heavy Plow
31:13 Town Watch
32:20 Eupseong
32:48 Hand Cart
33:12 Chain Mail Armor
32:46 Gambesons
34:24 Gold Mining
38:16 Imperial Age
35:54 Treadmill Crane
36:24 Masonry
37:38 Forging
38:18 Ballistics
37:54 Murder Holes
38:35 Town Patrol
39:15 Bracer
40:28 Chemistry
39:15 Arrowslits
39:35 Siege Engineers
40:01 Architecture
39:17 Elite Fire Lancer
40:39 Plate Mail Armor
40:47 Iron Casting
40:13 Arson
42:27 Gold Shaft Mining
41:44 Stone Mining
43:22 Bow Saw
45:00 Stone Shaft Mining
名偵探柯北
1:04 Loom
12:28 Feudal Age
18:26 Castle Age
16:44 Double-Bit Axe
17:31 Town Watch
17:38 Horse Collar
25:29 Bow Saw
38:32 Caravan
40:35 Wheelbarrow
SimonGood
0:29 Loom
11:17 Feudal Age
16:38 Castle Age
15:52 Fletching
17:12 Double-Bit Axe
18:26 Horse Collar
25:24 Wheelbarrow
27:08 Bow Saw
27:00 Heavy Plow
28:55 Gold Mining
28:58 Stone Mining
29:35 Scale Mail Armor
32:28 Imperial Age
31:09 Chain Mail Armor
31:41 Stone Shaft Mining
31:53 Gold Shaft Mining
31:37 Squires
31:22 Arson
32:03 Bodkin Arrow
31:52 Treadmill Crane
32:30 Hand Cart
33:56 Plate Mail Armor
33:04 Capped Ram
34:20 Forging
34:13 Eupseong
34:56 Conscription
34:24 Gambesons
34:47 Bracer
36:47 Elite Skirmisher
37:44 Thumb Ring
39:13 Chemistry
38:36 Ballistics
H
10:06 Feudal Age
14:32 Castle Age
12:42 Double-Bit Axe
12:39 Horse Collar
17:26 Wheelbarrow
22:44 Bow Saw
24:55 Hand Cart
25:47 Stone Mining
26:39 Gold Mining
27:25 Stone Shaft Mining
30:32 Imperial Age
27:49 Loom
27:56 Fletching
28:28 Ballistics
28:34 Heavy Plow
28:49 Bodkin Arrow
30:11 Padded Archer Armor
30:19 Thumb Ring
30:15 Husbandry
30:26 Bloodlines
31:31 Bracer
32:34 Chemistry
30:57 Capped Ram
32:24 Conscription
32:29 Drill
33:36 Leather Archer Armor
32:56 Elite Skirmisher
34:05 Parthian Tactics
33:42 Elite Mangudai
33:58 Imperial Skirmisher
35:29 Onager
38:20 Siege Onager
41:00 Masonry
40:25 Siege Onager
41:01 Light Cavalry
41:48 Scale Barding Armor
41:54 Forging
42:56 Siege Engineers
42:33 Siege Onager
44:27 Hoardings
gjizhijian6866
10:59 Feudal Age
14:34 Castle Age
12:26 Double-Bit Axe
12:54 Horse Collar
13:42 Gold Mining
16:02 Bow Saw
20:09 Loom
22:22 Wheelbarrow
22:02 Stone Mining
24:55 Stone Shaft Mining
25:57 Heavy Plow
30:14 Imperial Age
28:29 Hand Cart
29:06 Forging
28:58 Chatras
30:03 Scale Barding Armor
30:39 Bloodlines
30:33 Husbandry
30:21 Elite Battle Elephant
31:22 Chain Barding Armor
32:28 Two-Man Saw
31:50 Paper Money
31:57 Ballistics
32:01 Town Watch
32:16 Caravan
33:04 Plate Barding Armor
33:33 Capped Ram
34:46 Coinage
35:29 Iron Casting
36:02 Banking
36:34 Fletching
37:42 Bodkin Arrow
38:00 Guilds
39:05 Chemistry
Connection lost

Rejoining the realm…

Still unreachable

The connection could not be restored.

Session expired

The server has moved on; the page needs a fresh start.